 Dungeon Crawl Stone Soup version 0.30-a0-622-gddc90eaa04 (webtiles) character file.

Game seed: 9440815211791833067

183 themarg the Insei (level 5, 0/41 HPs)
             Began as a Gnoll Transmuter on Jan 11, 2023.
             Succumbed to an adder's poison
             ... on level 3 of the Dungeon.
             The game lasted 00:06:20 (2492 turns).

themarg the Insei (Gnoll Transmuter)                Turns: 2492, Time: 00:06:21

Health: 0/41       AC:  2    Str: 16    XL:     5   Next: 62%
Magic:  8/12       EV: 22    Int: 14    God:
Gold:   153        SH:  0    Dex: 17    Spells: 8/14 levels left

rFire   . . .      SeeInvis .      - Unarmed
rCold   . . .      Faith    .    (shield currently unavailable)
rNeg    . . .      Spirit   .    (body armour currently unavailable)
rPois   x          Reflect  .    (helmet currently unavailable)
rElec   .          Harm     .    (cloak currently unavailable)
rCorr   .          Rampage  .    (gloves currently unavailable)
Will    .....                    (boots currently unavailable)
Stlth   ++                       (no amulet)
HPRegen 0.26/turn                d - ring of wizardry
MPRegen 0.13/turn                r - +6 ring of strength

@: lethally poisoned (0 -> -1), spider-form, attractive, hasted, invisible, very
quick
A: venomous fangs, tiny, (fangs 1), strong nose, distributed training
a: End Transformation


You were on level 3 of the Dungeon.
You were a venomous arachnid creature.
You visited 1 branch of the dungeon, and saw 3 of its levels.

You collected 153 gold pieces.

Inventory:

Missiles
 e - 6 javelins
 g - 27 stones
 n - a boomerang
Armour
 a - a +0 robe (melded)
 c - a +0 pair of boots (melded)
Magical Staves
 j - a staff of cold
Jewellery
 d - a ring of wizardry (left front pincers)
 m - a ring of ice
 r - a +6 ring of strength (right front pincers)
Scrolls
 f - a scroll of poison {unknown}
 i - 2 scrolls of identify {unknown}
 k - a scroll of amnesia {unknown}
 l - 2 scrolls of teleportation {unknown}
 o - a scroll of fog {unknown}
Potions
 b - a potion of lignification


   Skills:
 + Level 3.0 Fighting
 + Level 1.6 Short Blades
 + Level 1.6 Long Blades
 + Level 1.6 Axes
 + Level 1.6 Maces & Flails
 + Level 1.6 Polearms
 + Level 1.6 Staves
 + Level 1.6 Ranged Weapons
 + Level 1.6 Throwing
 + Level 1.6 Armour
 + Level 4.8 Dodging
 + Level 1.6 Stealth
 + Level 1.6 Shields
 + Level 6.7 Unarmed Combat
 + Level 5.2 Spellcasting
 + Level 1.3 Conjurations
 + Level 1.3 Hexes
 + Level 1.3 Summonings
 + Level 1.3 Necromancy
 + Level 1.3 Translocations
 + Level 4.0 Transmutations
 + Level 1.3 Fire Magic
 + Level 1.3 Ice Magic
 + Level 1.3 Air Magic
 + Level 1.3 Earth Magic
 + Level 1.3 Poison Magic
 + Level 1.8 Invocations
 + Level 1.6 Evocations


You had 8 spell levels left.
You knew the following spells:

 Your Spells              Type           Power      Damage    Failure   Level
a - Beastly Appendage     Tmut           28%        N/A       4%          1
b - Wereblood             Tmut           14%        N/A       6%          2
c - Spider Form           Tmut/Pois      11%        N/A       16%         3

Your spell library contained the following spells:

 Spells                   Type           Power      Damage    Failure   Level
 Sublimation of Blood     Necr           7%         N/A       14%         2
 Ice Form                 Ice/Tmut       11%        N/A       38%         4
 Summon Hydra             Summ           3%         N/A       100%        7


Dungeon Overview and Level Annotations

Branches:
Dungeon (3/15)

Altars:
Ru


Innate Abilities, Weirdness & Mutations

You are a venomous arachnid creature.
You have venomous fangs.
You are tiny and dextrous.
Your spellcasting is less reliable in this form.
Your armour is entirely melded.
You are incapable of wielding weapons or throwing items.
((You have very sharp teeth.))
Your uncanny sense of smell can sniff out nearby items.
Your experience applies equally to all skills.


Message History

You barely miss the orc.
You feel sick. The adder bites you. The orc completely misses you.
You closely miss the adder.
The adder is almost dead.
You feel sick.
You kill the adder!
The orc misses you.
You hear some strange, mumbled words.
Something tries to affect you, but you resist.
You hit the orc.
The orc is poisoned.
The orc is heavily wounded.
You feel sick. The orc misses you. Something hits you.
* * * LOW HITPOINT WARNING * * *
You bite the orc!
You kill the orc!
You feel sick. Something barely misses you.
You hit something.
You feel sick. Something hits you.
* * * LOW HITPOINT WARNING * * *
It was a potion of invisibility.
You fade into invisibility!
* * * LOW HITPOINT WARNING * * *
You feel sick.
You hear some strange, mumbled words.
A puff of flame appears from out of thin air!
The puff of flame misses you.
It was a potion of attraction.
You feel attractive to monsters.
* * * LOW HITPOINT WARNING * * *
You feel sick. Something misses you.
It was a potion of haste.
You feel yourself speed up.
Your transformation has ended.
Your +0 pair of boots unmelds from your body.
Your +0 robe unmelds from your body.
* * * LOW HITPOINT WARNING * * *
You feel sick. Something hits you.
* * * LOW HITPOINT WARNING * * *
You turn into a venomous arachnid creature.
Your +0 pair of boots melds into your body.
Your +0 robe melds into your body.
You die...

#.##.##..#..#.. #.§§8.
#.##.##..#..#.. ..§...
..#...#.....+._ .§
#..........########
#.#)#.#.....+..#..+
.....##..#..#..#..#
#.#.##...# .#.....#
.......######...){####
#.#.##...#......s.)..#
.....#.......#####......#
#.#.######.....#####.####
...†.............. #
#.#.##†###.........
####...)))........)
######.#####.#.[...
.......# #......#
######## ######


There were no monsters in sight!

Vanquished Creatures
  An orc priest (D:3)
  An orc wizard (D:3)
  4 gnolls (D:3)
  2 adders
  2 worms
  A dart slug (D:1)
  6 orcs (D:3)
  6 bats
  7 endoplasms
  2 giant cockroaches (D:3)
  5 goblins
  3 hobgoblins
  2 quokkas (D:1)
  3 ball pythons (D:1)
  3 frilled lizards
  7 kobolds
  5 rats
60 creatures vanquished.

Vanquished Creatures (others)
  A plant (D:2)
1 creature vanquished.

Grand Total: 61 creatures vanquished

Notes
Turn   | Place    | Note
-------+----------+-------------------------------------------
     0 | D:1      | themarg the Gnoll Transmuter began the quest for the Orb.
     0 | D:1      | Reached XP level 1. HP: 17/17 MP: 6/6
   194 | D:1      | Reached XP level 2. HP: 22/23 MP: 5/7
   201 | D:1      | Learned a level 2 spell: Wereblood
   956 | D:2      | Reached skill level 5 in Spellcasting
   956 | D:2      | Reached XP level 3. HP: 28/28 MP: 6/9
   960 | D:2      | Learned a level 3 spell: Spider Form
  1208 | D:2      | Reached skill level 1 in Invocations
  1564 | D:2      | Reached skill level 1 in Short Blades
  1564 | D:2      | Reached skill level 1 in Long Blades
  1564 | D:2      | Reached skill level 1 in Axes
  1564 | D:2      | Reached skill level 1 in Maces & Flails
  1564 | D:2      | Reached skill level 1 in Polearms
  1564 | D:2      | Reached skill level 1 in Staves
  1564 | D:2      | Reached skill level 1 in Ranged Weapons
  1564 | D:2      | Reached skill level 1 in Throwing
  1564 | D:2      | Reached skill level 1 in Armour
  1564 | D:2      | Reached skill level 1 in Stealth
  1564 | D:2      | Reached skill level 1 in Shields
  1564 | D:2      | Reached skill level 1 in Evocations
  1876 | D:3      | Reached XP level 4. HP: 26/33 MP: 7/11
  1999 | D:3      | Found a faded altar of an unknown god.
  2122 | D:3      | Reached skill level 1 in Conjurations
  2122 | D:3      | Reached skill level 1 in Hexes
  2122 | D:3      | Reached skill level 1 in Summonings
  2122 | D:3      | Reached skill level 1 in Necromancy
  2122 | D:3      | Reached skill level 1 in Translocations
  2122 | D:3      | Reached skill level 1 in Fire Magic
  2122 | D:3      | Reached skill level 1 in Ice Magic
  2122 | D:3      | Reached skill level 1 in Air Magic
  2122 | D:3      | Reached skill level 1 in Earth Magic
  2122 | D:3      | Reached skill level 1 in Poison Magic
  2200 | D:3      | Reached XP level 5. HP: 24/40 MP: 8/12
  2301 | D:3      | Found a sacrificial altar of Ru.
  2491 | D:3      | HP: 2/41 [poisoned by an adder]
  2492 | D:3      | Succumbed to an adder's poison

Illustrated notes

Levels and vault maps discovered:
D:1:      nagdon_arrival_double_spiral, layout_basic, corner_web_ring
D:2:      layout_loops_ring, serial_bayou, serial_bayou_lagoon_b,
          serial_bayou_ford_a, serial_bayou_shore_b, serial_bayou_lagoon_a,
          serial_bayou_pond_a, chequers_serial_rivers_micro_e,
          amcnicky_mini_corridor_feature
D:3:      layout_loops_ring, nicolae_gozag_cash_rules_everything_around_me,
          hangedman_ru_absence, mainiacjoe_overflow_catwalk,
          ebering_ecumenical_altar_hall, st_stairs_9

Skill      XL: |  1  2  3  4  5 |
---------------+----------------+-----
Spellcasting   | 5 |  5.2
Invocations    | 1 |  1.8
Short Blades   | 1 |  1.6
Long Blades    | 1 |  1.6
Axes           | 1 |  1.6
Maces & Flails | 1 |  1.6
Polearms       | 1 |  1.6
Staves         | 1 |  1.6
Ranged Weapons | 1 |  1.6
Throwing       | 1 |  1.6
Armour         | 1 |  1.6
Stealth        | 1 |  1.6
Shields        | 1 |  1.6
Evocations     | 1 |  1.6
Conjurations   | 1 |  1.3
Hexes          | 1 |  1.3
Summonings     | 1 |  1.3
Necromancy     | 1 |  1.3
Translocations | 1 |  1.3
Fire Magic     | 1 |  1.3
Ice Magic      | 1 |  1.3
Air Magic      | 1 |  1.3
Earth Magic    | 1 |  1.3
Poison Magic   | 1 |  1.3
Fighting       | 3 |  3.0
Transmutations | 4 |  4.0
Dodging        | |  4.8
Unarmed Combat | |  6.7

Action                   |  1- 3 |  4- 6 || total
-------------------------+-------+-------++-------
Melee: Unarmed           |    79 |    51 ||   130
       Kick              |     8 |       ||     8
       Headbutt          |     6 |       ||     6
       Punch             |     1 |       ||     1
       Bite              |     1 |       ||     1
 Cast: Beastly Appendage |    23 |     1 ||    24
       Wereblood         |     2 |       ||     2
       Spider Form       |     4 |    11 ||    15
  Use: Potion            |       |     3 ||     3
 Stab: Sleeping          |     4 |     2 ||     6
Armor: Robe              |     5 |       ||     5
       Skin              |       |     3 ||     3
Dodge: Dodged            |    35 |    49 ||    84

Table legend: (Time is in decaauts)
 A = Elapsed time spent in this place.
 B = Non-inter-level travel time spent in this place.
 C = Inter-level travel time spent in this place.
 D = Time resting spent in this place.
 E = Time spent auto-exploring this place.
 F = Levels seen in this place.
 G = Mean time per level.
                   A        B        C        D        E       F      G
               +--------+--------+--------+--------+--------+-----+--------+
         Total |   2506 |   2417 |     89 |      0 |   2018 |   3 |  835.3 |
       Dungeon |   2506 |   2417 |     89 |      0 |   2018 |   3 |  835.3 |
               +--------+--------+--------+--------+--------+-----+--------+

Top non-repeatable levels by time:
     D:1: 927 daAuts
     D:2: 922 daAuts
     D:3: 656 daAuts
